 Dungeon Crawl Stone Soup version 0.28.0-53-g5a82cb258f (webtiles) character file.

Game seed: 4119745452535253919

485 cbfl8 the Chopper (level 6, -5/48 HPs)
             Began as a Demonspawn Fighter on July 21, 2022.
             Killed by nerve-wracking pain
             ... invoked by Grinder
              (7 damage)
             ... on level 4 of the Dungeon.
             The game lasted 00:06:22 (4691 turns).

cbfl8 the Chopper (Demonspawn Fighter)              Turns: 4691, Time: 00:06:23

Health: -5/48      AC: 13    Str: 18    XL:     6   Next: 88%
Magic:  0/6        EV:  5    Int: 10    God:
Gold:   94         SH:  4    Dex: 12    Spells: 5/5 levels left

rFire   + . .      SeeInvis .   a - +0 war axe
rCold   . . .      Faith    .   c - +0 buckler
rNeg    . . .      Spirit   +   h - +0 plate armour
rPois   .          Reflect  .   (no helmet)
rElec   .          Harm     .   (no cloak)
rCorr   .          Rampage  .   r - +0 pair of gloves
Will    .....                   (no boots)
Stlth   ..........              p - amulet of guardian spirit
HPRegen 0.16/turn               i - ring of protection from fire
MPRegen 0.10/turn               (no ring)

@: no status effects
A: weakness stinger 2
a: no special abilities


You were on level 4 of the Dungeon.
You visited 1 branch of the dungeon, and saw 4 of its levels.

You collected 94 gold pieces.

Inventory:

Hand Weapons
 a - a +0 war axe (weapon)
 d - a +4 hand axe
Missiles
 e - 21 sling bullets
Armour
 b - a +0 scale mail
 c - a +0 buckler (worn)
 h - a +0 plate armour (worn)
 r - a +0 pair of gloves (worn)
Jewellery
 i - a ring of protection from fire (left hand)
 p - an amulet of guardian spirit (around neck)
Scrolls
 f - 3 scrolls of noise


   Skills:
 * Level 4.2 Fighting
 + Level 4.8 Axes
 + Level 4.1 Armour
 + Level 1.1 Dodging
 + Level 3.1 Shields


You had 5 spell levels left.
You didn't know any spells.
Your spell library contained the following spells:

 Spells                   Type           Power      Damage    Failure   Level
 Ozocubu's Armour         Ice            0%         N/A       100%        3
 Metabolic Englaciation   Hex/Ice        0%         N/A       100%        5
 Simulacrum               Ice/Necr       0%         N/A       100%        6


Dungeon Overview and Level Annotations

Branches:
Dungeon (4/15)
 Temple: D:4-7

Altars:
The Shining One

Shops:
D:2 (

Annotations:
D:3 Eustachio
D:4 Grinder


Innate Abilities, Weirdness & Mutations

You have a tail ending in a sharp stinger.


Message History

You hit Grinder.
Grinder is lightly wounded.
Grinder barely misses you.
You barely miss Grinder.
Grinder is lightly wounded.
Grinder hits you! Grinder hits you.
You barely miss Grinder.
Grinder is lightly wounded.
Grinder hits you!
You hit Grinder.
Grinder is moderately wounded.
Grinder hits you but does no damage.
Unknown command.
You closely miss Grinder.
Grinder is moderately wounded.
Grinder blinks!
Grinder gestures at you. Pain shoots through your body!
Grinder gestures at you. You resist with significant effort.
You closely miss Grinder.
Your tail-slap misses Grinder.
Grinder is moderately wounded.
Grinder hits you!
You writhe in agony.
Grinder gestures at you. Pain shoots through your body!
* * * LOW HITPOINT WARNING * * *
You aren't carrying any potions.
Okay, then.
Grinder hits you.
* * * LOW HITPOINT WARNING * * *
Grinder gestures at you.
You barely resist.
You see here 21 sling bullets.
e - 21 sling bullets Unknown command.
You closely miss Grinder.
Grinder is moderately wounded.
Grinder gestures at you. Pain shoots through your body!
You die...

##### #...##
##....# #..@..#
##.5.####
####.##..# ..
##........###..
#.............#
##...))......##
#.....).......
#.............
#.........##..


You could see Grinder.

Vanquished Creatures
  A centaur (D:3)
  A bullfrog zombie (D:3)
  2 orc priests
  2 hounds (D:4)
  Jessica (D:3)
  Terence (D:3)
  An orc wizard (D:4)
  Natasha (thrice) (D:3)
  An adder (D:2)
  An adder skeleton (D:4)
  2 worms
  2 dart slugs
  7 orcs
  10 endoplasms
  2 giant cockroaches
  5 goblins
  9 hobgoblins
  4 jackals (D:2)
  3 quokkas
  4 ball pythons
  3 bats (D:1)
  4 frilled lizards
  4 kobolds
  7 rats
80 creatures vanquished.

Notes
Turn   | Place    | Note
-------+----------+-------------------------------------------
     0 | D:1      | cbfl8 the Demonspawn Fighter began the quest for the Orb.
     0 | D:1      | Reached XP level 1. HP: 18/18 MP: 1/1
   665 | D:1      | Discovered your monstrous ancestry.
   665 | D:1      | Gained mutation: You have a small tail. [demonic ancestry]
   665 | D:1      | Reached XP level 2. HP: 23/24 MP: 2/2
  1441 | D:1      | Reached XP level 3. HP: 24/29 MP: 3/3
  1823 | D:2      | Found a faded altar of an unknown god.
  2471 | D:2      | Found Unovoc's Weapon Emporium.
  2631 | D:3      | Gained mutation: You have a tail ending in a sharp stinger.
                  | [demonic ancestry]
  2631 | D:3      | Reached XP level 4. HP: 33/35 MP: 4/4
  2654 | D:3      | Noticed a centaur
  2655 | D:3      | Noticed Natasha
  2662 | D:3      | Killed a centaur
  2663 | D:3      | Reached XP level 5. HP: 12/42 MP: 5/5
  2667 | D:3      | Killed Natasha
  2888 | D:3      | Noticed Jessica
  2903 | D:3      | Killed Jessica
  3382 | D:3      | Noticed Terence
  3392 | D:3      | Killed Terence
  3612 | D:3      | Reached XP level 6. HP: 27/48 MP: 3/6
  3818 | D:3      | Noticed Natasha
  3829 | D:3      | Killed Natasha
  4019 | D:4      | Noticed Eustachio
  4033 | D:3      | Noticed Natasha
  4036 | D:3      | Killed Natasha
  4597 | D:4      | Reached skill level 1 in Dodging
  4661 | D:4      | Noticed Grinder
  4684 | D:4      | HP: 2/48 [Grinder/nerve-wracking pain (13)]
  4691 | D:4      | Killed from afar by Grinder

Illustrated notes

Levels and vault maps discovered:
D:1:      onia_arrival_mini_maze, layout_basic, st_stairs_13
D:2:      layout_basic, ebering_ecumenical_altar_rust, basic_altar,
          serial_shops, nicolae_lakefront_shop
D:3:      layout_rooms, uniq_natasha, uniq_terence, uniq_jessica
D:4:      layout_cave_pools, minmay_pentangle, uniq_grinder, uniq_eustachio

Skill      XL: |  1  2  3  4  5  6 |
---------------+-------------------+-----
Armour         | 3 4 |  4.1
Axes           | 2 3 4 |  4.8
Shields        | 3 |  3.1
Fighting       | 4 |  4.2
Dodging        | 1 |  1.1

Action                   |  1- 3 |  4- 6 || total
-------------------------+-------+-------++-------
Melee: War axe           |   112 |   158 ||   270
       Tailslap          |     8 |    12 ||    20
  Use: Potion            |       |     9 ||     9
       Scroll            |       |     5 ||     5
Armor: Scale mail        |    36 |       ||    36
       Plate armour      |    29 |   134 ||   163
       Skin              |       |    38 ||    38
Dodge: Dodged            |    29 |    46 ||    75
Block: Buckler           |    24 |    55 ||    79
